 Dungeon Crawl Stone Soup version 0.24.0-37-gcf1ca852f1 (console) character file.

Game seed: 6225499127444976072, levelgen mode: deterministic

367 bli the Chopper (level 7, 0/55 HPs)
             Began as a Formicid Fighter on Nov 23, 2019.
             Was a Follower of Ru.
             Slain by an orc priest
             ... wielding a +0 war axe
              (3 damage)
             ... on level 4 of the Dungeon.
             The game lasted 00:08:56 (3073 turns).

bli the Chopper (Formicid Fighter)                  Turns: 3073, Time: 00:08:56

Health: 0/55       AC:  2    Str: 21    XL:     7   Next: 1%
Magic:  7/7        EV:  8    Int:  8    God:    Ru [*.....]
Gold:   192        SH:  9    Dex:  9    Spells: 6/6 levels left

rFire    . . .     SeeInvis +   a - +0 war axe
rCold    . . .     Gourm    .   c - +0 shield
rNeg     . . .     Faith    .   b - +0 scale mail
rPois    .         Spirit   .   (helmet unavailable)
rElec    .         Reflect  .   (no cloak)
rCorr    .         Harm     .   (no gloves)
MR       .....                  (no boots)
Stlth    ..........             (no amulet)
HPRegen  0.18/turn              v - -2 ring of dexterity (curse)
MPRegen  0.10/turn              (no ring)

@: no status effects
A: permanent stasis, dig shafts and tunnels, four strong arms, antennae 3,
reduced AC 1
a: Dig, Shaft Self, Renounce Religion


You were on level 4 of the Dungeon.
You worshipped Ru.
Ru was aware of your devotion.
You were not hungry.

You visited 1 branch of the dungeon, and saw 4 of its levels.

You collected 192 gold pieces.

Inventory:

Hand Weapons
 a - a +0 war axe (weapon)
 u - a +0 hunting sling
Missiles
 h - 106 stones (quivered)
 n - 7 poisoned darts
Armour
 b - a +0 scale mail (worn)
 c - a +0 shield (worn)
Jewellery
 v - a cursed -2 ring of dexterity (left hand)
Scrolls
 e - 2 scrolls of noise {unknown}
 g - 2 scrolls of teleportation {unknown}
 i - 3 scrolls of identify {unknown}
 j - 4 scrolls of random uselessness
 k - 3 scrolls of blinking {unknown}
 l - 2 scrolls of amnesia {unknown}
 o - a scroll of enchant weapon {unknown}
 p - a scroll of enchant armour {unknown}
 s - 2 scrolls of remove curse {unknown}
 w - a scroll of magic mapping {unknown}
Potions
 d - 2 potions of might
 q - a potion of mutation {unknown}
 r - 2 potions of magic {unknown}
 t - 2 potions of curing {unknown}
Comestibles
 f - 8 rations
 m - 6 chunks of flesh


   Skills:
 + Level 4.3 Fighting
 * Level 5.2 Axes
 + Level 4.0 Armour
 + Level 0.7 Dodging
 + Level 0.4 Stealth
 * Level 4.7 Shields


You had 6 spell levels left.
You didn't know any spells.
Your spell library was empty.

Dungeon Overview and Level Annotations

Branches:
Dungeon (4/15)
 Temple: D:4-7

Altars:
Gozag
Ru

Shops:
D:4 =


Innate Abilities, Weirdness & Mutations

You cannot be hasted, slowed, berserked, paralysed or teleported.
You can dig through walls and to a lower floor.
Your four strong arms can wield two-handed weapons with a shield.
You have a pair of large antennae on your head. (SInv)
You take slightly more damage. (AC -5)


Message History

You hit the orc wizard.
The orc wizard is moderately wounded.
You block the orc wizard's attack. The orc wizard barely misses you.
You barely miss the orc wizard.
The orc wizard is moderately wounded.
The orc priest begins to pray, but is stunned by your will!
The orc wizard hits you but does no damage.
You slash the orc wizard!
You kill the orc wizard!
You have reached level 7!
The orc hits you with a +0 dagger.
* * * LOW HITPOINT WARNING * * *
You hit the orc.
The orc is severely wounded.
The orc priest calls upon Beogh to heal the orc.
The orc's wounds heal themselves!
The orc hits you but does no damage.
You slash the orc!
You kill the orc!
The orc priest hits you with a +0 war axe.
You die...

####### . #...... ..
#...... ... ########
#...... .... #......#
#...... #.... #......#
#......
.....o##......####......
.....Zo@.........'......
#.######......####......
......................
#####......#####......
#......# #).....
#.......#######......
........##...........
)........##...........
...##..).##...........
... #..$.##...........
#######...........


You could see an orc priest, an orc and an adder skeleton.

Vanquished Creatures
  An ogre (D:4)
  A scorpion (D:4)
  A howler monkey (D:4)
  2 orc wizards (D:4)
  Ijyb (D:3)
  A worker ant (D:3)
  3 adders
  2 worms
  2 dart slugs
  A leopard gecko (D:3)
  4 orcs
  10 bats
  3 giant cockroaches
  7 goblins
  6 hobgoblins
  2 quokkas (D:2)
  3 frilled lizards
  3 kobolds (D:2)
  8 rats
61 creatures vanquished.

Notes
Turn   | Place    | Note
-------+----------+-------------------------------------------
     0 | D:1      | bli the Formicid Fighter began the quest for the Orb.
     0 | D:1      | Reached XP level 1. HP: 18/18 MP: 1/1
   149 | D:1      | Reached XP level 2. HP: 24/24 MP: 2/2
   769 | D:2      | Reached XP level 3. HP: 24/30 MP: 3/3
  1206 | D:2      | Found a sacrificial altar of Ru.
  1214 | D:2      | Became a worshipper of Ru the Awakened
  1622 | D:2      | Reached XP level 4. HP: 37/37 MP: 4/4
  1903 | D:3      | Noticed Ijyb
  1924 | D:3      | Killed Ijyb
  1951 | D:3      | Reached skill level 3 in Axes
  1951 | D:3      | Reached XP level 5. HP: 41/42 MP: 5/5
  2190 | D:3      | Found an opulent altar of Gozag.
  2445 | D:3      | Gained mutation: You take slightly more damage. (AC -5) [Ru
                  | sacrifice]
  2445 | D:3      | Reached * piety under Ru
  2622 | D:4      | Found Huag's Jewellery Emporium.
  2723 | D:4      | Reached skill level 4 in Axes
  2723 | D:4      | Reached XP level 6. HP: 13/48 MP: 6/6
  3023 | D:4      | Noticed an ogre
  3033 | D:4      | Killed an ogre
  3065 | D:4      | Reached skill level 5 in Axes
  3071 | D:4      | Reached XP level 7. HP: 4/55 MP: 7/7
  3073 | D:4      | Slain by an orc priest

Levels and vault maps discovered:
D:1:      ncdulo_wetmaze, layout_basic
D:2:      layout_loops_corners, nicolae_ru_sacrificial_ziggurat,
          kennysheep_pointless_box
D:3:      layout_loops_ring, nicolae_gozag_seed_capital, first_ration,
          chequers_serial_rivers_micro_d, uniq_ijyb
D:4:      layout_basic, serial_shops, shop_fountains

Skill      XL: |  1  2  3  4  5  6 |
---------------+-------------------+-----
Shields        | 4 |  4.7
Fighting       | 4 |  4.3
Axes           | 3 4 5 |  5.2
Armour         | 4 |  4.0
Dodging        | |  0.7
Stealth        | |  0.4

Action                   |  1- 3 |  4- 6 |  7- 9 || total
-------------------------+-------+-------+-------++-------
Melee: War axe           |   117 |   103 |     2 ||   222
 Fire: Hunting sling     |       |     4 |       ||     4
Invok: Sacrifice Health  |       |     1 |       ||     1
 Abil: Dig               |     1 |     1 |       ||     2
  Use: Potion            |     2 |       |       ||     2
       Scroll            |       |     1 |       ||     1
  Eat: Chunk             |     3 |     4 |       ||     7
Armor: Scale mail        |    56 |    32 |       ||    88
Dodge: Dodged            |    42 |    37 |       ||    79
Block: Shield            |    71 |    41 |       ||   112
